 Dungeon Crawl Stone Soup version 0.32-a0-18-g89e19f1974 (webtiles) character file.

Game seed: 17449445366460198754

371 zenocrate the Sneak (level 6, -6/30 HPs)
             Began as a Vine Stalker Enchanter on Jan 16, 2024.
             Mangled by a gnoll bouda
             ... wielding a +0 club
              (8 damage)
             ... on level 4 of the Dungeon.
             The game lasted 00:02:56 (2640 turns).

zenocrate the Sneak (Vine Stalker Enchanter)        Turns: 2640, Time: 00:02:56

Health: -6/30      AC:  2    Str: 10    XL:     6   Next: 70%
Magic:  0/10       EV: 13    Int: 15    God:
Gold:   139        SH:  0    Dex: 23    Spells: 1/9 levels left

rFire   . . .        a - +1 dagger
rCold   . . .        (no shield)
rNeg    + . .        b - +0 robe
rPois   .            (no helmet)
rElec   .            (no cloak)
rCorr   .            (no gloves)
SInv    .            (no boots)
Will    .....        (no amulet)
Stlth   +++          e - +6 ring of dexterity
HPRegen 1.05/turn    p - ring of positive energy
MPRegen 0.12/turn

%: guardian spirit
@: lethally poisoned (-6 -> -7)
A: fangs 2, regeneration 1, magic shield, antimagic bite, no potion heal 2
a: no special abilities


You were on level 4 of the Dungeon.
You visited 1 branch of the dungeon, and saw 4 of its levels.

You collected 139 gold pieces.

Inventory:

Hand Weapons
 a - a +1 dagger (weapon)
Missiles
 f - 3 atropa-tipped darts
 g - 5 javelins
 j - 4 poisoned darts (quivered)
Armour
 b - a +0 robe (worn)
Jewellery
 e - a +6 ring of dexterity (left hand)
 p - a ring of positive energy (right hand)
 w - a ring of magical power
Wands
 v - a wand of iceblast (8)
Scrolls
 h - 2 scrolls of fog {unknown}
 i - a scroll of revelation {unknown}
 k - 3 scrolls of identify
 n - 2 scrolls of amnesia {unknown}
 o - 3 scrolls of teleportation {unknown}
 q - a scroll of noise {unknown}
 r - a scroll of enchant weapon {unknown}
 s - a scroll of acquirement {unknown}
 u - a scroll of blinking {unknown}
Potions
 c - 2 potions of invisibility
 d - a potion of magic
 l - a potion of heal wounds {unknown}
 m - a potion of curing {unknown}
 t - a potion of haste {unknown}


   Skills:
 + Level 2.1 Fighting
 + Level 2.5 Short Blades
 + Level 2.6 Dodging
 + Level 5.0 Stealth
 - Level 2.1 Spellcasting
 + Level 4.0 Hexes
 + Level 2.2 Ice Magic


You had one spell level left.
You knew the following spells:

 Your Spells              Type           Power      Damage    Failure   Level
a - Ensorcelled Hibernat  Hex/Ice        22%        N/A       9%          2
b - Confusing Touch       Hex            13%        N/A       12%         3
c - Tukima's Dance        Hex            13%        N/A       12%         3

Your spell library contained the following spells:

 Spells                   Type           Power      Damage    Failure   Level
 Magic Dart               Conj           4%         1d3       22%         1
 Dazzling Flash           Conj/Hex       14%        N/A       28%         3
 Blink                    Tloc           2%         N/A       32%         2
 Call Imp                 Summ           2%         N/A       32%         2
 Volatile Blastmotes      Fire/Tloc      2%         2d10      54%         3
 Starburst                Conj/Fire      0%         6d3       100%        6
 Maxwell's Capacitive Co  Air            0%         ∞         100%        8


Dungeon Overview and Level Annotations

Branches:
Dungeon (4/15)
 Temple: D:4-7

Altars:
Elyvilon
Fedhas
Kikubaaqudgha
Makhleb
Nemelex Xobeh
Okawaru
Sif Muna
Uskayaw
Zin


Innate Abilities, Weirdness & Mutations

You have extremely sharp teeth.
Your natural rate of healing is unusually fast.
When hurt, damage is shared between your health and your magic reserves.
Your bite disrupts and absorbs the magic of your enemies.
Potions cannot restore your health.


Message History

* * * LOW HITPOINT WARNING * * *
Unknown command.
Unknown command.
You closely miss the gnoll bouda. You bite the gnoll bouda.
You drain its power.
You feel invigorated.
The gnoll bouda is moderately wounded.
The gnoll throws a poisoned dart.
The poisoned dart hits you!
You are poisoned.
The gnoll bouda hits you with a +0 club!
* * * LOW HITPOINT WARNING * * *
Okay, then.
Okay, then.
Casting: Ensorcelled Hibernation (safe; 9% risk of failure)
Confirm with . or Enter, or press ? or * to list all spells.
Aiming: Ensorcelled Hibernation (safe; 9% risk of failure)
Press: ? - help, Shift-Dir - straight line, f/p - gnoll bouda
Aim: a gnoll bouda, wielding a +0 club and wearing a +0 leather armour (moderately wounded, chance to affect: 45%)
Okay, then.
You hit the gnoll bouda. Your bite misses the gnoll bouda.
The gnoll bouda is heavily wounded.
* * * LOW HITPOINT WARNING * * *
You feel sick. The gnoll closely misses you.
The gnoll bouda closely misses you.
Unknown command.
Unknown command.
Okay, then.
As you read the scroll labelled DIW NIDATRURPH, it crumbles to dust.
It is a scroll of identify.
d - a potion of magic You feel sick.
The gnoll barely misses you. The gnoll bouda closely misses you.
Unknown command.
Casting: Ensorcelled Hibernation (safe; 9% risk of failure)
Confirm with . or Enter, or press ? or * to list all spells.
Aiming: Ensorcelled Hibernation (safe; 9% risk of failure)
Press: ? - help, Shift-Dir - straight line, f/p - gnoll bouda
Aim: a gnoll bouda, wielding a +0 club and wearing a +0 leather armour (heavily wounded, chance to affect: 45%)
Okay, then.
You feel sick. The gnoll closely misses you.
The gnoll bouda hits you with a +0 club!
You die...

..# #..$... #.# #<....# #.#
#.....# ###.## #.....# .##..#
#.....###### .##..####....))....#
........#####).....# #######.#
#..g...# ##+## ........##
#...@g.# ....#
.........####......#########....#
...........##...................#
........##.########.............#
##########....# #.........##...
####.#####.........#....
#.....#..............
######.#######..######
###...##.....###)#####


You could see a gnoll bouda and a gnoll (swift).

Vanquished Creatures
  Eustachio (D:4)
  A jelly (D:3)
  A centaur zombie (D:3)
  An iguana (D:3)
  An orc wizard (D:4)
  A hound zombie (D:3)
  2 gnolls (D:4)
  2 adders
  An adder zombie (D:3)
  2 dart slugs
  2 ribbon worms
  4 orcs
  6 bats
  6 endoplasms
  A giant cockroach (D:2)
  A goblin (D:1)
  2 hobgoblins
  4 kobolds
  A quokka (D:3)
  4 ball pythons
  A ball python skeleton (D:3)
  A ball python zombie (D:3)
  5 frilled lizards
  5 rats
56 creatures vanquished.

Notes
Turn   | Place    | Note
-------+----------+-------------------------------------------
     0 | D:1      | zenocrate the Vine Stalker Enchanter began the quest for
                  | the Orb.
     0 | D:1      | Reached XP level 1. HP: 9/9 MP: 4/4
    34 | D:1      | Reached skill level 1 in Short Blades
    54 | D:1      | Reached XP level 2. HP: 10/13 MP: 3/6
   102 | D:1      | Learned a level 2 spell: Ensorcelled Hibernation
   208 | D:1      | Found a faded altar of an unknown god.
   407 | D:1      | Reached skill level 4 in Stealth
   639 | D:2      | Reached XP level 3. HP: 17/17 MP: 2/7
   643 | D:2      | Learned a level 3 spell: Confusing Touch
  1468 | D:3      | Reached skill level 1 in Ice Magic
  1468 | D:3      | Reached XP level 4. HP: 21/21 MP: 8/8
  1471 | D:3      | Reached skill level 1 in Fighting
  1726 | D:3      | Reached XP level 5. HP: 25/25 MP: 9/9
  1730 | D:3      | Learned a level 3 spell: Tukima's Dance
  2112 | D:3      | Found a glowing silver altar of Zin.
  2112 | D:3      | Noticed an angel
  2374 | D:4      | Found a blossoming altar of Fedhas.
  2374 | D:4      | Noticed Eustachio
  2375 | D:4      | Found an iron altar of Okawaru.
  2375 | D:4      | Found a sparkling altar of Nemelex Xobeh.
  2375 | D:4      | Found an ancient bone altar of Kikubaaqudgha.
  2376 | D:4      | Found a burning altar of Makhleb.
  2376 | D:4      | Found a white marble altar of Elyvilon.
  2376 | D:4      | Found a shimmering blue altar of Sif Muna.
  2376 | D:4      | Found a hide-covered altar of Uskayaw.
  2394 | D:4      | Killed Eustachio
  2395 | D:4      | Reached skill level 5 in Stealth
  2395 | D:4      | Reached XP level 6. HP: 22/30 MP: 10/10
  2638 | D:4      | HP: 1/30 [poisoned by a gnoll]
  2640 | D:4      | Mangled by a gnoll bouda

Illustrated notes

Levels and vault maps discovered:
D:1:      sevenhm_arrival_forest_fort_small_5, layout_rooms,
          shapermc_ecumenical_altar_mp_ritualfount
D:2:      layout_loops_ring, minmay_crystal_water, kennysheep_cross_room
D:3:      layout_basic, zin_angel, serial_undead, serial_undead_a,
          serial_undead_c, serial_undead_e, serial_undead_e,
          minmay_misc_feat_tiny
D:4:      layout_basic, grunt_temple_overflow_open, eino_tiny_chamber,
          uniq_eustachio

Skill      XL: |  1  2  3  4  5 |
---------------+----------------+-----
Short Blades   | 1 2 |  2.5
Stealth        | 4 5 |  5.0
Dodging        | 2 |  2.6
Ice Magic      | 1 2 |  2.2
Fighting       | 1 2 |  2.1
Hexes          | 4 |  4.0
Spellcasting   | |  2.1

Action                     |  1- 3 |  4- 6 || total
---------------------------+-------+-------++-------
  Melee: Dagger            |    92 |    74 ||   166
         Bite              |    26 |    29 ||    55
         Punch             |     1 |     1 ||     2
   Cast: Ensorcelled Hiber |    10 |    17 ||    27
         Confusing Touch   |     1 |     1 ||     2
    Use: Scroll            |       |     1 ||     1
   Stab: Sleeping          |     7 |    16 ||    23
         Distracted        |       |     1 ||     1
         Confused          |       |     1 ||     1
 Armour: Robe              |    53 |    49 ||   102
  Dodge: Dodged            |    91 |    56 ||   147

Table legend: (Time is in decaauts)
 A = Elapsed time spent in this place.
 B = Non-inter-level travel time spent in this place.
 C = Inter-level travel time spent in this place.
 D = Time resting spent in this place.
 E = Time spent auto-exploring this place.
 F = Levels seen in this place.
 G = Mean time per level.
                   A        B        C        D        E       F      G
               +--------+--------+--------+--------+--------+-----+--------+
         Total |   2638 |   2559 |     79 |      0 |   2084 |   4 |  659.5 |
       Dungeon |   2638 |   2559 |     79 |      0 |   2084 |   4 |  659.5 |
               +--------+--------+--------+--------+--------+-----+--------+

Top non-repeatable levels by time:
     D:3: 934 daAuts
     D:2: 862 daAuts
     D:1: 528 daAuts
     D:4: 313 daAuts
